 Dungeon Crawl Stone Soup version 0.23-a0-644-gb60d84b (webtiles) character file.

5320 Borgoz the Grappler (level 10, -6/80 HPs)
             Began as a Ghoul Gladiator on Jan 1, 2019.
             Was a High Priest of Okawaru.
             Mangled by a warg (12 damage)
             ... on level 8 of the Dungeon.
             The game lasted 00:15:41 (7611 turns).

Borgoz the Grappler (Ghoul Gladiator)               Turns: 7611, Time: 00:15:42

Health: -6/80      AC:  8    Str: 23    XL:     10   Next: 64%
Magic:  9/9        EV: 14    Int:  5    God:    Okawaru [*****.]
Gold:   399        SH:  0    Dex: 13    Spells: 9/9 levels left

rFire    . . .     SeeInvis .     - Unarmed
rCold    + + .     Gourm    .   (no shield)
rNeg     + + +     Faith    .   v - +1 ring mail of Akawnethrad {Str+4}
rPois    ∞         Spirit   .   s - +0 hat of Courage {Int+2}
rElec    .         Reflect  .   e - +0 cloak
rCorr    .         Harm     .   (no gloves)
MR       .....                  (no boots)
Stlth    +.........             (no amulet)
HPRegen  0.00/turn              (no ring)
MPRegen  0.11/turn              z - ring of protection from cold

@: rotting
A: rotting body, claws 1, carnivore, cold resistance 1, negative energy
resistance 3, inhibited regeneration, torment resistance, unbreathing
a: Heroism, Finesse, Renounce Religion


You were on level 8 of the Dungeon.
You worshipped Okawaru.
Okawaru was extremely pleased with you.
You were not hungry.

You visited 2 branches of the dungeon, and saw 10 of its levels.

You collected 399 gold pieces.

Inventory:

Missiles
 c - 3 throwing nets (quivered)
Armour
 e - a +0 cloak (worn)
 s - the +0 hat of Courage (worn) {Int+2}
   (You found it on level 4 of the Dungeon)

   It affects your intelligence (+2).
 v - the +1 ring mail of Akawnethrad (worn) {Str+4}
   (You found it on level 5 of the Dungeon)

   It affects your strength (+4).
Jewellery
 a - a cursed ring of attention {unknown}
 r - an uncursed amulet of harm
 z - a ring of protection from cold (right claw)
Wands
 b - a wand of acid (8)
 t - a wand of random effects (43)
Scrolls
 f - 3 scrolls of remove curse
 g - a scroll of magic mapping
 h - a scroll of fear {unknown}
 i - a scroll of enchant weapon {unknown}
 k - 4 scrolls of immolation {unknown}
 n - 2 scrolls of fog {unknown}
 p - 9 scrolls of identify {unknown}
Potions
 j - a potion of lignification {unknown}
 l - a potion of mutation {unknown}
 m - 4 potions of curing {unknown}
 o - a potion of haste {unknown}
 q - 3 potions of brilliance {unknown}
 u - a potion of resistance {unknown}
 w - 3 potions of agility {unknown}
 x - a potion of degeneration {unknown}
 B - a potion of ambrosia {unknown}
Comestibles
 d - 18 rations
 C - 7 chunks of flesh


   Skills:
 + Level 4.9 Fighting
 - Level 1.7 Throwing
 + Level 5.9 Armour
 + Level 6.5 Dodging
 + Level 12.8 Unarmed Combat


You had 9 spell levels left.
You didn't know any spells.
Your spell library contained the following spells:

 Spells                   Type           Power        Failure   Level  Hunger
 Animate Skeleton         Necr           N/A          63%         1    ##.....
 Apportation              Tloc           #.....       63%         1    ##.....
 Confusing Touch          Hex            #.....       63%         1    ##.....
 Summon Small Mammal      Summ           #...         63%         1    ##.....


Dungeon Overview and Level Annotations

Branches:
Dungeon (9/15)             Temple (1/1) D:6
   Lair: D:8-11         Orc: D:9-12

Altars:
Ashenzari
Cheibriados
Dithmenos
Elyvilon
Fedhas
Gozag
Hepliaklqana
Kikubaaqudgha
Makhleb
Nemelex Xobeh
Okawaru
Qazlal
Ru
Sif Muna
Trog
Uskayaw
Vehumet
Wu Jian
Xom
Yredelemnul
Zin
The Shining One

Shops:
D:6 !


Innate Abilities, Weirdness & Mutations

Your body is rotting away.
You thrive on raw meat.
You are immune to poison.
You have sharp fingernails.
You are carnivorous and can eat meat at any time.
Your flesh is cold resistant. (rC+)
You are immune to negative energy. (rN+++)
You do not regenerate when monsters are visible.
You are immune to unholy pain and torment.
You can survive without breathing.


Message History

The warg bites you!
* * * LOW HITPOINT WARNING * * *
You completely miss the warg.
The warg is severely wounded.
The warg howls!
The warg closely misses you. The warg bites you!
* * * LOW HITPOINT WARNING * * *
You feel much better. The warg bites you!
* * * LOW HITPOINT WARNING * * *
The warg closely misses you. The warg barely misses you. The warg bites you.
* * * LOW HITPOINT WARNING * * *
The warg closely misses you.
As you read the scroll labeled OGEVVO RYCEID, it crumbles to dust.
You feel a surge of unholy energy.
The warg convulses! x6
It was a scroll of torment.
The warg misses you. The warg closely misses you. The warg barely misses you.
As you read the scroll labeled YVEZIGORUSK, it crumbles to dust.
You feel aware of your surroundings.
You sensed 1 shop/portal.
It was a scroll of magic mapping.
The warg bites you!
You die...

**#####################
,,............hhh.....#
,,.....P†.....hh@.....#
≈≈≈≈≈≈≈≈†≈≈≈≈≈≈≈≈≈....#
≈≈≈≈≈≈≈≈≈≈≈≈≈≈≈≈≈≈....#
≈≈≈≈≈≈≈≈≈h≈#####≈≈....#
,,.........#oo.#≈≈....#
**##########...#≈≈....#
,,,,,,,,,,,#+###≈≈....#
************,#.≈≈≈....#
,,,,,,,,,*,*,#.≈≈≈....#


You could see 6 wargs and 2 orcs.

Vanquished Creatures
  Pikel (D:7)
  Grinder (D:3)
  6 wargs (D:8)
  Purgy (D:3)
  2 orc warriors
  2 ice beasts (D:8)
  2 sky beasts
  3 black bears
  6 ogres
  3 centaurs
  5 bullfrogs
  A gnoll sergeant (D:6)
  5 killer bees (D:8)
  10 wights
  3 crimson imps
  2 bullfrog zombies
  3 quasits
  A jelly (D:7)
  5 orc priests
  2 iguanas
  11 orc wizards
  Natasha (D:3)
  6 worker ants
  A hound skeleton (D:6)
  A worker ant zombie (D:5)
  7 gnolls
  6 adders
  A shadow imp (D:7)
  An ooze (D:4)
  3 adder skeletons
  2 worms
  A dart slug (D:1)
  3 leopard geckos
  31 orcs
  9 bats
  8 giant cockroaches
  11 goblins
  5 hobgoblins
  16 jackals
  3 quokkas
  A ball python (D:6)
  5 frilled lizards
  6 kobolds
  A quokka skeleton (D:8)
  6 rats
210 creatures vanquished.

Vanquished Creatures (others)
  A wizard (D:5)
  A bullfrog skeleton (D:7)
  A shadow imp (D:7)
  An ooze (D:7)
  A plant (D:8)
5 creatures vanquished.

Grand Total: 215 creatures vanquished

Notes
Turn   | Place    | Note
-------+----------+-------------------------------------------
     0 | D:1      | Borgoz the Ghoul Gladiator began the quest for the Orb.
     0 | D:1      | Reached XP level 1. HP: 17/17 MP: 0/0
   200 | D:1      | Reached XP level 2. HP: 6/24 MP: 1/1
   503 | D:1      | Reached XP level 3. HP: 19/29 MP: 2/2
   578 | D:1      | Reached skill level 4 in Unarmed Combat
   734 | D:2      | Reached skill level 1 in Armour
   818 | D:2      | Reached XP level 4. HP: 33/36 MP: 3/3
   856 | D:2      | Found an iron altar of Okawaru.
   927 | D:2      | Found a white marble altar of Elyvilon.
  1783 | D:3      | Noticed Purgy
  1796 | D:3      | Killed Purgy
  1796 | D:3      | Reached skill level 5 in Unarmed Combat
  1796 | D:3      | Reached XP level 5. HP: 34/42 MP: 4/4
  1833 | D:3      | Found a sparkling altar of Nemelex Xobeh.
  1906 | D:3      | Noticed Grinder
  1916 | D:3      | Paralysed by Grinder for 4 turns
  1923 | D:3      | Killed Grinder
  1923 | D:3      | Reached skill level 6 in Unarmed Combat
  1923 | D:3      | Reached XP level 6. HP: 16/51 MP: 5/5
  2095 | D:3      | Noticed Natasha
  2103 | D:3      | Killed Natasha
  2344 | D:4      | Reached XP level 7. HP: 56/57 MP: 6/6
  2635 | D:4      | Got a jewelled hat
  2646 | D:4      | Identified the cursed +0 hat of Courage {Int+2} (You found
                  | it on level 4 of the Dungeon)
  2966 | D:5      | Entered Level 5 of the Dungeon
  2997 | D:5      | Reached skill level 7 in Unarmed Combat
  3294 | D:2      | Became a worshipper of Warmaster Okawaru
  3400 | D:5      | Got a heavily runed ring mail
  3670 | D:5      | Found a bloodstained altar of Trog.
  3671 | D:5      | Noticed a wizard
  3677 | D:5      | Killed a wizard
  3753 | D:5      | Reached XP level 8. HP: 44/62 MP: 7/7
  3845 | D:5      | Reached skill level 8 in Unarmed Combat
  4271 | D:6      | Found Girgh's Distillery.
  4310 | D:6      | Found a staircase to the Ecumenical Temple.
  4324 | Temple   | Entered the Ecumenical Temple
  4539 | D:6      | Found a burning altar of Makhleb.
  4551 | D:6      | Found an ancient bone altar of Kikubaaqudgha.
  4620 | D:6      | Reached * piety under Okawaru
  4620 | D:6      | Reached skill level 5 in Dodging
  4652 | D:6      | Reached skill level 9 in Unarmed Combat
  5041 | D:6      | Reached XP level 9. HP: 71/71 MP: 8/8
  5359 | D:6      | Reached skill level 10 in Unarmed Combat
  5472 | D:7      | Reached ** piety under Okawaru
  5486 | D:7      | Identified the +1 ring mail of Akawnethrad {Str+4} (You
                  | found it on level 5 of the Dungeon)
  5518 | D:7      | Noticed Pikel
  5926 | D:7      | Killed Pikel
  5926 | D:7      | Reached *** piety under Okawaru
  5926 | D:7      | Reached skill level 11 in Unarmed Combat
  6367 | D:7      | Reached XP level 10. HP: 80/80 MP: 9/9
  6503 | D:8      | Reached skill level 12 in Unarmed Combat
  6532 | D:7      | Reached skill level 5 in Armour
  6654 | D:7      | Reached **** piety under Okawaru
  7413 | D:8      | Found a deep blue altar of Sif Muna.
  7583 | D:8      | Reached ***** piety under Okawaru
  7608 | D:8      | HP: 2/80 [warg (14)]
  7611 | D:8      | Mangled by a warg

Vault maps used:
D:1:      minmay_arrival_hallway
D:2:      okawaru_trees_2, elyvilon_altar_5
D:3:      first_ration, nemelex_lonely_heart_becter, uniq_grinder, uniq_natasha,
          uniq_purgy
D:4:      lemuel_old_faithful
D:5:      minmay_recursive_quarters, trog_wizard
D:6:      grunt_temple_overflow_open, temple_green, serial_shops, shop
D:7:      uniq_pikel
D:8:      lemuel_castle_with_subvaults, lemuel_coloured_pillars_altar,
          serial_shops, shop, minmay_radiant
D:9:      serial_co_window_serial, co_window_of_opportunity_a,
          co_window_paths_a, co_window_of_opportunity_a,
          co_window_of_opportunity_a, co_window_of_opportunity_a,
          co_window_corner_a, co_window_corner_cb, co_window_of_opportunity_b,
          co_window_broadway_b, co_window_corner_b, co_window_broadway_b,
          co_window_2corner, co_window_corner_b, co_window_4corner_a,
          glass_columns_a, glass_columns_a, glass_columns_c
Temple:   compressed_dpeg_circular_temple

Skill      XL: |  1  2  3  4  5  6  7  8  9 10 |
---------------+-------------------------------+-----
Dodging        | 3 4 5 6 |  6.5
Unarmed Combat | 4 5 6 7 9 11 12 | 12.8
Armour         | 1 2 3 4 5 |  5.9
Fighting       | 3 4 |  4.9
Throwing       | |  1.7

Action                   |  1- 3 |  4- 6 |  7- 9 | 10-12 || total
-------------------------+-------+-------+-------+-------++-------
Melee: Unarmed           |   110 |   100 |   334 |   178 ||   722
       Punch             |       |     2 |    12 |     9 ||    23
  Use: Potion            |       |     2 |       |     3 ||     5
       Scroll            |       |       |     1 |     2 ||     3
 Stab: Sleeping          |     1 |     1 |       |       ||     2
  Eat: Chunk             |    12 |     9 |    40 |    20 ||    81
Armor: Leather armour    |    30 |    32 |    49 |       ||   111
       Ring mail         |       |       |     8 |    78 ||    86
Dodge: Dodged            |    57 |    64 |   240 |   150 ||   511

Table legend:
 A = Non-vault XP
 B = Vault XP
 C = Vault XP percentage of total XP
 D = Non-vault monster count
 E = Vault monster count
 F = Vault count percentage of total count
                 A         B        C        D         E       F
            +---------+---------+-------+---------+---------+-------
      Total |    5071 |    2529 |  33.3 |     190 |      20 |   9.5
            +---------+---------+-------+---------+---------+-------
        D:1 |      45 |       0 |   0.0 |      24 |       0 |   0.0
        D:2 |      49 |       0 |   0.0 |      16 |       0 |   0.0
        D:3 |      44 |     449 |  91.1 |      20 |       3 |  13.0
        D:4 |     178 |       0 |   0.0 |      26 |       0 |   0.0
        D:5 |     511 |      73 |  12.5 |      19 |       4 |  17.4
        D:6 |    1212 |       0 |   0.0 |      27 |       0 |   0.0
        D:7 |    1549 |     963 |  38.3 |      32 |       3 |   8.6
        D:8 |    1377 |    1044 |  43.1 |      23 |      10 |  30.3
        D:9 |      49 |       0 |   0.0 |       2 |       0 |   0.0
     Temple |      57 |       0 |   0.0 |       1 |       0 |   0.0
            +---------+---------+-------+---------+---------+-------
